[Event "CZE-ch Open 2018"]
[Site "Ostrava"]
[Date "2018.04.28"]
[Round "1"]
[White "Svoboda, Svatopluk"]
[Black "Gnida, Patrik"]
[Result "1/2-1/2"]
[ECO "C50"]
[WhiteElo "2401"]
[BlackElo "2165"]
[Annotator "RC"]
[PlyCount "70"]
[EventDate "2018.??.??"]
[EventCountry "CZE"]
[SourceTitle "playchess.com"]
[Source "ChessBase"]
[SourceQuality "1"]
[TimeControl "40/5400+30:900+30"]

1. e4 e5 2. Nf3 Nc6 3. Bc4 Be7 4. d4 d6 5. c3 Nf6 6. Nbd2 O-O 7. Bd3 Bg4 8. h3 Bh5 9. d5 Nb8 10. Nf1 c6 11. c4 Nbd7 12. Be3 Bg6 13. Ng3 Rc8 14. b4 a5 15. a3 cxd5 16. cxd5 Rc3 17. Nh4 Nxe4 18. Nxg6 Nxg3 19. Nxf8 Kxf8 20. Qd2 Rxd3 21. Qxd3 Nxh1 22. Rc1 Bg5 23. Ke2 Nxf2 24. Kxf2 Bxe3+ 25. Qxe3 axb4 26. axb4 Qh4+ 27. Kg1 Qxb4 28. Rc8+ Ke7 29. Qg5+ Nf6 30. Qxg7 Qd4+ 31. Kh2 Qf4+ 32. Kg1 Nxd5 33. Qf8+ Ke6 34. Re8+ Kf5 35. Qxf7+ Nf6 1/2-1/2

[Event "CZE-ch Open 2018"]
[Site "Ostrava"]
[Date "2018.04.29"]
[Round "2"]
[White "Bures, Jaroslav"]
[Black "Vystrcil, Martin"]
[Result "1-0"]
[ECO "B03"]
[WhiteElo "2407"]
[BlackElo "2146"]
[Annotator "ChessBase"]
[PlyCount "73"]
[EventDate "2018.??.??"]
[EventCountry "CZE"]
[SourceTitle "playchess.com"]
[Source "ChessBase"]
[SourceQuality "1"]
[TimeControl "40/5400+30:900+30"]

1. e4 Nf6 2. e5 Nd5 3. d4 d6 4. c4 Nb6 5. exd6 cxd6 6. Nc3 g6 7. Be3 Bg7 8. Rc1 O-O 9. b3 e5 10. dxe5 dxe5 11. Qxd8 Rxd8 12. c5 N6d7 13. Nf3 Nc6 14. Bc4 h6 15. Rd1 Nf8 16. Rxd8 Nxd8 17. Nd5 Nfe6 18. b4 Kh7 19. Nd2 f5 20. Nb3 e4 21. b5 Nf7 22. f4 exf3 23. gxf3 Ne5 24. Be2 Bd7 25. Kf2 Rf8 26. Rd1 f4 27. Bc1 Ng5 28. Nxf4 h5 29. h4 Ne6 30. Rxd7 Nxf4 31. Rxb7 Nfd3+ 32. Bxd3 Rxf3+ 33. Ke2 Rxd3 34. Rxg7+ Kxg7 35. Bb2 Rd5 36. c6 Rxb5 37. c7 1-0

[Event "CZE-ch Open 2018"]
[Site "Ostrava"]
[Date "2018.04.29"]
[Round "2"]
[White "Vokac, Marek"]
[Black "Malinovsky, Petr"]
[Result "1-0"]
[ECO "A13"]
[WhiteElo "2390"]
[BlackElo "2006"]
[Annotator "ChessBase"]
[PlyCount "74"]
[EventDate "2018.??.??"]
[EventCountry "CZE"]
[SourceTitle "playchess.com"]
[Source "ChessBase"]
[SourceQuality "1"]
[TimeControl "40/5400+30:900+30"]

1. c4 e6 2. Nf3 d5 3. g3 c6 4. b3 f5 5. Bg2 Nf6 6. O-O Bd6 7. Ba3 c5 8. cxd5 exd5 9. d4 b6 10. dxc5 bxc5 11. Nc3 Bb7 12. Ng5 Ne4 13. Ngxe4 dxe4 14. Nb5 Be7 15. Qxd8+ Kxd8 16. Rfd1+ Nd7 17. Rac1 Bc6 18. Nd6 Rf8 19. Bxc5 Rf6 20. Ba3 Bxd6 21. Bxd6 Rc8 22. Bf4 h6 23. Be3 Bb5 24. Bf1 Rxc1 25. Rxc1 a6 26. a4 Bc6 27. Bd4 Rg6 28. e3 Bb7 29. h4 Re6 30. Bxg7 Ne5 31. Bxe5 Rxe5 32. b4 Rd5 33. Be2 Kd7 34. Kf1 Bc6 35. Rd1 Kd6 36. Rxd5+ Kxd5 37. a5 Ba4 1-0

[Event "CZE-ch Open 2018"]
[Site "Ostrava"]
[Date "2018.04.29"]
[Round "2"]
[White "Jasny, Stanislav"]
[Black "Skalsky, Alexandr"]
[Result "1-0"]
[ECO "D70"]
[WhiteElo "2379"]
[BlackElo "2207"]
[Annotator "ChessBase"]
[PlyCount "69"]
[EventDate "2018.??.??"]
[EventCountry "CZE"]
[SourceTitle "playchess.com"]
[Source "ChessBase"]
[SourceQuality "1"]
[TimeControl "40/5400+30:900+30"]

1. d4 Nf6 2. c4 g6 3. f3 d5 4. cxd5 Nxd5 5. e4 Nb6 6. Nc3 Bg7 7. Be3 O-O 8. Qd2 e5 9. d5 c6 10. Rd1 cxd5 11. exd5 N8d7 12. Nh3 e4 13. fxe4 Ne5 14. Nf2 Re8 15. Be2 f5 16. O-O fxe4 17. Bg5 Nbc4 18. Qc1 Qb6 19. Ncxe4 Bf5 20. b3 Nb2 21. Be3 Qd8 22. Rd2 Bxe4 23. Nxe4 Qh4 24. Rf4 Qd8 25. Rxb2 g5 26. Rf1 Ng6 27. Bd3 Ne5 28. Bb5 Qxd5 29. Bxe8 Qxe4 30. Bb5 Ng4 31. Qc4+ Qxc4 32. Bxc4+ Kh8 33. Bc1 Bd4+ 34. Kh1 Re8 35. Rd2 1-0

[Event "CZE-ch Open 2018"]
[Site "Ostrava"]
[Date "2018.04.29"]
[Round "2"]
[White "Obsivac, Josef"]
[Black "Bartos, Jan"]
[Result "1/2-1/2"]
[ECO "D37"]
[WhiteElo "2330"]
[BlackElo "2198"]
[Annotator "ChessBase"]
[PlyCount "30"]
[EventDate "2018.??.??"]
[EventCountry "CZE"]
[SourceTitle "playchess.com"]
[Source "ChessBase"]
[SourceQuality "1"]
[TimeControl "40/5400+30:900+30"]

1. d4 Nf6 2. c4 e6 3. Nf3 d5 4. Nc3 dxc4 5. e3 a6 6. a4 c5 7. Bxc4 Nc6 8. O-O Be7 9. dxc5 Qxd1 10. Rxd1 Bxc5 11. h3 b6 12. Bd2 Bb7 13. Rac1 O-O 14. Kf1 Rfd8 15. Be1 Kf8 1/2-1/2

[Event "CZE-ch Open 2018"]
[Site "Ostrava"]
[Date "2018.04.29"]
[Round "2"]
[White "Cerveny, Petr"]
[Black "Zwardon, Vojtech"]
[Result "0-1"]
[ECO "B32"]
[WhiteElo "2315"]
[BlackElo "2409"]
[Annotator "ChessBase"]
[PlyCount "126"]
[EventDate "2018.??.??"]
[EventCountry "CZE"]
[SourceTitle "playchess.com"]
[Source "ChessBase"]
[SourceQuality "1"]
[TimeControl "40/5400+30:900+30"]

1. e4 c5 2. Nf3 Nc6 3. d4 cxd4 4. Nxd4 e5 5. Nb5 a6 6. Nd6+ Bxd6 7. Qxd6 Qe7 8. Qxe7+ Ngxe7 9. c4 d6 10. Nc3 f5 11. b3 Nb4 12. Kd1 O-O 13. Nd5 Nbc6 14. Nb6 Rb8 15. Nxc8 Rbxc8 16. exf5 d5 17. cxd5 Rfd8 18. Bd2 Nxd5 19. Rc1 b5 20. Ke1 Ncb4 21. Rxc8 Rxc8 22. a4 Nc2+ 23. Kd1 Nd4 24. g3 Nc3+ 25. Bxc3 Rxc3 26. axb5 axb5 27. Bg2 Kf7 28. b4 Rc2 29. Rf1 Kf6 30. g4 Kg5 31. h3 Ra2 32. Re1 Rxf2 33. Bd5 Kf6 34. Re3 Rf4 35. Ra3 Nxf5 36. Ra6+ Kg5 37. gxf5 Rd4+ 38. Ke2 Rxd5 39. Ra7 Kf6 40. Rb7 h5 41. Ke3 h4 42. Kf3 Rd3+ 43. Kg2 Rg3+ 44. Kh2 e4 45. Rxb5 Rb3 46. Kg2 Rb2+ 47. Kg1 e3 48. Kf1 Kg5 49. f6+ Kxf6 50. Rb8 Kf5 51. b5 Kf4 52. b6 Kg3 53. Rg8 Rf2+ 54. Kg1 Rf7 55. Re8 Kf3 56. Kf1 g5 57. Re5 g4 58. hxg4 h3 59. Kg1 e2 60. g5 Rb7 61. Kh2 Rxb6 62. Kxh3 Rb8 63. Kh2 Rb1 0-1

[Event "CZE-ch Open 2018"]
[Site "Ostrava"]
[Date "2018.04.29"]
[Round "2"]
[White "Freisler, Pavel"]
[Black "Jelinek, Michal"]
[Result "1-0"]
[ECO "A06"]
[WhiteElo "2266"]
[BlackElo "2134"]
[Annotator "ChessBase"]
[PlyCount "80"]
[EventDate "2018.??.??"]
[EventCountry "CZE"]
[SourceTitle "playchess.com"]
[Source "ChessBase"]
[SourceQuality "1"]
[TimeControl "40/5400+30:900+30"]

1. Nf3 d5 2. b3 Nf6 3. Bb2 c5 4. e3 Nc6 5. Bb5 Bg4 6. h3 Bh5 7. g4 Bg6 8. Ne5 Rc8 9. h4 d4 10. Bxc6+ bxc6 11. Nxg6 hxg6 12. d3 e6 13. Nd2 dxe3 14. fxe3 Nd5 15. Qf3 Rxh4 16. O-O-O g5 17. e4 Nf6 18. Rxh4 gxh4 19. Rf1 Rc7 20. Nc4 Nh7 21. Kb1 f6 22. e5 Qd5 23. Qf2 h3 24. Qh4 Qg2 25. Ne3 Qe2 26. Qxh7 Qxe3 27. exf6 Rf7 28. Qh5 Qe2 29. Rh1 gxf6 30. Qxh3 Bd6 31. Bc3 Be5 32. Qh8+ Rf8 33. Qh5+ Rf7 34. Bxe5 fxe5 35. Qh8+ Rf8 36. Qg7 Qf3 37. Rh7 Rf7 38. Qg8+ Ke7 39. Rh8 Kd6 40. Qb8+ Kd5 1-0

[Event "CZE-ch Open 2018"]
[Site "Ostrava"]
[Date "2018.04.29"]
[Round "2"]
[White "Miesbauer, Jan"]
[Black "Kolar, Stanislav"]
[Result "1-0"]
[ECO "A40"]
[WhiteElo "2261"]
[BlackElo "2091"]
[Annotator "ChessBase"]
[PlyCount "81"]
[EventDate "2018.??.??"]
[EventCountry "CZE"]
[SourceTitle "playchess.com"]
[Source "ChessBase"]
[SourceQuality "1"]
[TimeControl "40/5400+30:900+30"]

1. d4 Nf6 2. c4 e6 3. g3 Bb4+ 4. Bd2 Bxd2+ 5. Qxd2 O-O 6. Bg2 d5 7. Nf3 Ne4 8. Qc2 Nc6 9. O-O f5 10. e3 Bd7 11. Nc3 Nxc3 12. Qxc3 a5 13. cxd5 exd5 14. Qb3 Be8 15. Ne5 Nxe5 16. dxe5 c6 17. Qxb7 Rb8 18. Qa7 Rxb2 19. Rfb1 Rf7 20. Qxf7+ Kxf7 21. Rxb2 g5 22. Rab1 Bd7 23. Rb8 Qe7 24. R1b7 Ke6 25. Ra8 Qc5 26. Rd8 Qc1+ 27. Bf1 f4 28. exf4 gxf4 29. Rbxd7 Kxe5 30. Rxh7 fxg3 31. hxg3 a4 32. Rh4 a3 33. Ra8 Qb2 34. Rha4 Qxa2 35. Rxa3 Qb1 36. Re3+ Kd4 37. g4 Qc1 38. g5 Qb1 39. Rg3 Qb7 40. Ra4+ Ke5 41. g6 1-0

[Event "CZE-ch Open 2018"]
[Site "Ostrava"]
[Date "2018.04.29"]
[Round "2"]
[White "Jedlicka, Ales"]
[Black "Havelka, Ondrej"]
[Result "0-1"]
[ECO "E06"]
[WhiteElo "2238"]
[BlackElo "2041"]
[Annotator "ChessBase"]
[PlyCount "58"]
[EventDate "2018.??.??"]
[EventCountry "CZE"]
[SourceTitle "playchess.com"]
[Source "ChessBase"]
[SourceQuality "1"]
[TimeControl "40/5400+30:900+30"]

1. d4 d5 2. c4 e6 3. Nf3 Nf6 4. g3 Be7 5. Bg2 O-O 6. O-O c6 7. Qc2 b6 8. Nbd2 Bb7 9. e4 Na6 10. e5 Nd7 11. Re1 c5 12. cxd5 Bxd5 13. Ne4 cxd4 14. Neg5 g6 15. Nxd4 Rc8 16. Qe2 Bc4 17. Qg4 h5 18. Qf4 Nb4 19. Ngf3 Nd3 20. Qh6 N7xe5 21. Nxe5 Nxe5 22. Rd1 Be2 23. Rd2 Bg5 24. Nxe6 Bxh6 25. Rxd8 Rfxd8 26. Nxd8 Bxc1 27. Nc6 Bxb2 28. Ne7+ Kf8 29. Re1 Rc1 0-1

[Event "CZE-ch Open 2018"]
[Site "Ostrava"]
[Date "2018.04.29"]
[Round "2"]
[White "Belunek, Vladimir"]
[Black "Konopka, Michal"]
[Result "1/2-1/2"]
[ECO "D82"]
[WhiteElo "2216"]
[BlackElo "2373"]
[Annotator "ChessBase"]
[PlyCount "154"]
[EventDate "2018.??.??"]
[EventCountry "CZE"]
[SourceTitle "playchess.com"]
[Source "ChessBase"]
[SourceQuality "1"]
[TimeControl "40/5400+30:900+30"]

1. d4 Nf6 2. c4 g6 3. Nc3 d5 4. Bf4 Bg7 5. e3 c5 6. dxc5 Qa5 7. Rc1 dxc4 8. Bxc4 O-O 9. Nf3 Nc6 10. O-O Qxc5 11. Nb5 Qh5 12. h3 Be6 13. Be2 Qd5 14. Nc7 Qxa2 15. Nxa8 Rxa8 16. Bb5 Qxb2 17. Bxc6 bxc6 18. Rxc6 Nd5 19. Qc1 Nxf4 20. exf4 Qxc1 21. Rfxc1 Bh6 22. Ng5 Bxg5 23. fxg5 a5 24. Ra1 a4 25. Rc3 Ra5 26. h4 Kg7 27. f3 h6 28. gxh6+ Kxh6 29. Kf2 g5 30. hxg5+ Kxg5 31. Rca3 Bd7 32. Rd1 Ra7 33. Rd5+ Kf6 34. Rd4 e6 35. Ke3 Ke7 36. f4 Rb7 37. g3 Rb1 38. Kd3 Rb7 39. Kc3 Rc7+ 40. Rc4 Rb7 41. Rb4 Rc7+ 42. Kd4 Kd6 43. Rc3 Ra7 44. Rb6+ Ke7 45. Ra3 Ra5 46. Kc4 Ra7 47. Kb4 Be8 48. f5 exf5 49. Re3+ Kf8 50. Rb8 Re7 51. Rxe7 Kxe7 52. Rb6 Bd7 53. Ra6 Be6 54. Rxa4 Kf6 55. Kc5 Ke5 56. Rh4 Bd5 57. Kb4 Bf3 58. Rf4 Bg4 59. Kc3 Bh5 60. Kd3 Kf6 61. Kd4 Bd1 62. Rh4 Bb3 63. Rh8 Be6 64. Rg8 Bb3 65. Ke3 Ke5 66. Rb8 Be6 67. Rb5+ Kf6 68. Kf4 Kg6 69. Rb6 Kf6 70. Ra6 Kg6 71. Ke5 Kg5 72. Ra4 Bd7 73. Rb4 Bc6 74. Rb8 Kg4 75. Rg8+ Kf3 76. Kxf5 Be4+ 77. Kf6 Bg6 1/2-1/2

[Event "CZE-ch Open 2018"]
[Site "Ostrava"]
[Date "2018.04.29"]
[Round "2"]
[White "Sramek, Vojtech"]
[Black "Mikes, Jan"]
[Result "0-1"]
[ECO "E99"]
[WhiteElo "2145"]
[BlackElo "2321"]
[Annotator "ChessBase"]
[PlyCount "60"]
[EventDate "2018.??.??"]
[EventCountry "CZE"]
[SourceTitle "playchess.com"]
[Source "ChessBase"]
[SourceQuality "1"]
[TimeControl "40/5400+30:900+30"]

1. d4 Nf6 2. c4 g6 3. Nc3 Bg7 4. e4 d6 5. Nf3 O-O 6. Be2 e5 7. O-O Nc6 8. d5 Ne7 9. Ne1 Nd7 10. f3 f5 11. Be3 f4 12. Bf2 g5 13. Rc1 Ng6 14. c5 dxc5 15. Nd3 b6 16. b4 cxb4 17. Nb5 g4 18. fxg4 Nf6 19. Nxc7 Nxe4 20. Nxa8 Nc3 21. Rxc3 bxc3 22. Bf3 Qd6 23. Nxb6 axb6 24. Qb3 Ba6 25. Rd1 Rc8 26. Be4 Rc4 27. Bxb6 Rxe4 28. Nc5 c2 29. Rc1 Re3 30. Qb4 Qxd5 0-1

[Event "CZE-ch Open 2018"]
[Site "Ostrava"]
[Date "2018.04.29"]
[Round "2"]
[White "Mladek, Richard"]
[Black "Tuma, Jiri"]
[Result "1-0"]
[ECO "A67"]
[WhiteElo "2136"]
[BlackElo "2296"]
[Annotator "ChessBase"]
[PlyCount "101"]
[EventDate "2018.??.??"]
[EventCountry "CZE"]
[SourceTitle "playchess.com"]
[Source "ChessBase"]
[SourceQuality "1"]
[TimeControl "40/5400+30:900+30"]

1. d4 Nf6 2. c4 c5 3. d5 e6 4. Nc3 exd5 5. cxd5 d6 6. e4 g6 7. f4 Bg7 8. Bb5+ Nfd7 9. a4 O-O 10. Nf3 Na6 11. O-O Nc7 12. Bd3 a6 13. Qe1 Re8 14. Qg3 Nf6 15. f5 Rb8 16. Qh4 Nd7 17. fxg6 fxg6 18. Bg5 Nf6 19. Rae1 Rf8 20. e5 dxe5 21. Nxe5 Nce8 22. d6 Nxd6 23. Nxg6 hxg6 24. Bxg6 Bf5 25. Bxf6 Rxf6 26. Qh7+ Kf8 27. Bxf5 Nxf5 28. Rxf5 Qd4+ 29. Kh1 Rd8 30. Ref1 Rxf5 31. Qxf5+ Kg8 32. Qf7+ Kh7 33. Rf5 Rd6 34. h3 b6 35. Rf4 Qe5 36. Ne4 Rd1+ 37. Kh2 Rf1 38. Nf6+ Qxf6 39. Qxf6 Bxf6 40. Rxf1 Bxb2 41. Rf7+ Kg6 42. Rb7 b5 43. axb5 axb5 44. Rxb5 Bd4 45. Kg3 Kf5 46. Kf3 Ke5 47. Rb8 c4 48. Ke2 Ke4 49. Re8+ Kf4 50. Rc8 c3 51. Rc4 1-0

[Event "CZE-ch Open 2018"]
[Site "Ostrava"]
[Date "2018.04.29"]
[Round "2"]
[White "Bures, Martin"]
[Black "Svoboda, Svatopluk"]
[Result "0-1"]
[ECO "A81"]
[WhiteElo "2100"]
[BlackElo "2401"]
[Annotator "ChessBase"]
[PlyCount "160"]
[EventDate "2018.??.??"]
[EventCountry "CZE"]
[SourceTitle "playchess.com"]
[Source "ChessBase"]
[SourceQuality "1"]
[TimeControl "40/5400+30:900+30"]

1. d4 f5 2. g3 Nf6 3. Bg2 g6 4. c3 Bg7 5. Nd2 c6 6. e4 fxe4 7. Nxe4 Nxe4 8. Bxe4 O-O 9. Nh3 d5 10. Bg2 e5 11. dxe5 Bxe5 12. O-O Bg7 13. Bg5 Qb6 14. Qd2 Nd7 15. Bh6 Bxh6 16. Qxh6 Qxb2 17. Ng5 Nf6 18. Rae1 Qa3 19. Re5 Bd7 20. Rfe1 Rae8 21. Nxh7 Rxe5 22. Nxf6+ Rxf6 23. Rxe5 Qxa2 24. Re7 Qxf2+ 25. Kh1 Rf7 26. Qxg6+ Kf8 27. Rxf7+ Qxf7 28. Qh6+ Ke7 29. h4 b6 30. Kh2 Qf6 31. Qe3+ Kd6 32. h5 Bf5 33. h6 a5 34. Bh3 Be4 35. Bg2 Bh7 36. Bh3 c5 37. Bc8 d4 38. cxd4 cxd4 39. Qd2 d3 40. Bh3 Qd4 41. Bg2 a4 42. Qc1 d2 43. Qc6+ Ke7 44. Qc7+ Kf8 45. Qb8+ Kf7 46. Qb7+ Ke6 47. Qc8+ Ke7 48. Qc7+ Kf8 49. Qb8+ Kf7 50. Qb7+ Ke6 51. Qc8+ Kd6 52. Qc6+ Ke5 53. Qc7+ Qd6 54. Qc3+ Kf5 55. Bh3+ Kg5 56. Qg7+ Qg6 57. Qd4 Qc2 58. Qf4+ Kg6 59. Qd6+ Kh5 60. g4+ Kg5 61. Qe5+ Kxh6 62. Qh5+ Kg7 63. Qe5+ Kf8 64. Qd6+ Ke8 65. Qb8+ Kd7 66. g5+ Bf5 67. Bxf5+ Qxf5 68. Qb7+ Ke8 69. Qc6+ Kf7 70. Qc7+ Kg6 71. Qxb6+ Kxg5 72. Qd8+ Kg4 73. Qg8+ Kf3 74. Qg2+ Ke3 75. Qg3+ Ke2 76. Qg8 Qf4+ 77. Kh3 d1=Q 78. Qg2+ Qf2 79. Qg4+ Qf3+ 80. Kh2 Qdh1# 0-1

[Event "CZE-ch Open 2018"]
[Site "Ostrava"]
[Date "2018.04.29"]
[Round "2"]
[White "Kopriva, Martin"]
[Black "Svatos, Jan"]
[Result "0-1"]
[ECO "B01"]
[WhiteElo "2071"]
[BlackElo "2272"]
[Annotator "ChessBase"]
[PlyCount "52"]
[EventDate "2018.??.??"]
[EventCountry "CZE"]
[SourceTitle "playchess.com"]
[Source "ChessBase"]
[SourceQuality "1"]
[TimeControl "40/5400+30:900+30"]

1. e4 d5 2. exd5 Nf6 3. Bb5+ Bd7 4. Be2 Nxd5 5. d4 g6 6. Nf3 Bg7 7. c4 Nb6 8. Nc3 Bg4 9. Be3 Nc6 10. c5 Nd5 11. h3 Bxf3 12. Bxf3 Nxe3 13. fxe3 O-O 14. O-O Rb8 15. Qa4 e6 16. Kh1 Ne7 17. Rad1 Nf5 18. Rfe1 Bh6 19. e4 Ng3+ 20. Kg1 Bf4 21. Qxa7 Qg5 22. Rd3 Bd2 23. Kf2 Bxe1+ 24. Kxe1 Qc1+ 25. Nd1 Qf4 26. a3 Nxe4 0-1

[Event "CZE-ch Open 2018"]
[Site "Ostrava"]
[Date "2018.04.29"]
[Round "2"]
[White "Kana, Pavel"]
[Black "Vybiral, Zdenek"]
[Result "0-1"]
[ECO "B40"]
[WhiteElo "2024"]
[BlackElo "2261"]
[Annotator "ChessBase"]
[PlyCount "106"]
[EventDate "2018.??.??"]
[EventCountry "CZE"]
[SourceTitle "playchess.com"]
[Source "ChessBase"]
[SourceQuality "1"]
[TimeControl "40/5400+30:900+30"]

1. e4 c5 2. Nf3 e6 3. d4 cxd4 4. Nxd4 Nf6 5. Bd3 Qb6 6. Nb3 Nc6 7. Nc3 a6 8. Qe2 d6 9. O-O Be7 10. Be3 Qc7 11. f4 b5 12. a4 b4 13. Na2 O-O 14. c3 bxc3 15. Nxc3 Rb8 16. Nd4 Nxd4 17. Bxd4 e5 18. Be3 Bg4 19. Qd2 Be6 20. Rac1 Qb7 21. f5 Bd7 22. Bg5 Bc6 23. Rfe1 Ng4 24. Bxe7 Qa7+ 25. Re3 Rxb2 26. Bc2 Qxe3+ 27. Qxe3 Nxe3 28. Bxf8 Kxf8 29. Bd3 Rxg2+ 30. Kh1 Rd2 31. Bxa6 Ng4 32. h3 Nf2+ 33. Kg1 Nxh3+ 34. Kf1 Ng5 35. Nb1 Rb2 36. Rxc6 Rxb1+ 37. Ke2 Rb4 38. Rc4 Rb2+ 39. Ke3 h5 40. Rc8+ Ke7 41. Bc4 Rb4 42. a5 Kd7 43. Ba6 Rb3+ 44. Ke2 Ra3 45. Ra8 h4 46. Bb7 h3 47. a6 h2 48. Rh8 Nh3 49. Bc8+ Kc7 50. Rxh3 Rxh3 51. f6 Kxc8 52. fxg7 Rg3 53. a7 Kb7 0-1

[Event "CZE-ch Open 2018"]
[Site "Ostrava"]
[Date "2018.04.29"]
[Round "2"]
[White "Benes, Miroslav"]
[Black "Vlasak, Lukas"]
[Result "1/2-1/2"]
[ECO "B44"]
[WhiteElo "2004"]
[BlackElo "2381"]
[Annotator "ChessBase"]
[PlyCount "100"]
[EventDate "2018.??.??"]
[EventCountry "CZE"]
[SourceTitle "playchess.com"]
[Source "ChessBase"]
[SourceQuality "1"]
[TimeControl "40/5400+30:900+30"]

1. e4 c5 2. Nf3 e6 3. d4 cxd4 4. Nxd4 Nc6 5. g3 a6 6. Bg2 Qc7 7. O-O Nf6 8. Nc3 Nxd4 9. Qxd4 Bc5 10. Qd3 d6 11. Be3 Bxe3 12. Qxe3 e5 13. a4 Be6 14. h3 Rc8 15. Rfd1 O-O 16. Rd2 Rfd8 17. Rad1 h6 18. Kh2 Qe7 19. Qb6 Rc6 20. Qb4 Qc7 21. Qa3 Rc5 22. Qb4 g6 23. Qa3 Kg7 24. Qb4 Ng8 25. f4 Rc4 26. Qa3 exf4 27. gxf4 d5 28. Nxd5 Bxd5 29. Qg3 Rxc2 30. exd5 Rxd2 31. Rxd2 Nf6 32. Qe3 Qd6 33. Bf3 Re8 34. Qd4 Kg8 35. Kg2 Re1 36. Rc2 Kg7 37. Rd2 Re7 38. Kf2 g5 39. fxg5 hxg5 40. Kg2 Re5 41. a5 Nd7 42. b4 f5 43. Re2 Kf7 44. Rxe5 Nxe5 45. Be2 Ng6 46. Bh5 Qf6 47. Qc4 Qb2+ 48. Kg1 Qa1+ 49. Kg2 Qb2+ 50. Kg1 Qa1+ 1/2-1/2

[Event "CZE-ch Open 2018"]
[Site "Ostrava"]
[Date "2018.05.02"]
[Round "5"]
[White "Tuma, Jiri"]
[Black "Vokac, Marek"]
[Result "1/2-1/2"]
[ECO "B06"]
[WhiteElo "2296"]
[BlackElo "2390"]
[Annotator "ChessBase"]
[PlyCount "205"]
[EventDate "2018.??.??"]
[EventCountry "CZE"]
[SourceTitle "playchess.com"]
[Source "ChessBase"]
[SourceQuality "1"]
[TimeControl "40/5400+30:900+30"]

1. e4 g6 2. d4 Bg7 3. Nc3 d6 4. f4 a6 5. Nf3 Bg4 6. Bc4 e6 7. Be3 Nc6 8. O-O b5 9. Bb3 Na5 10. h3 Nxb3 11. axb3 Bxf3 12. Qxf3 Ne7 13. f5 gxf5 14. exf5 exf5 15. Nxb5 O-O 16. Nc3 Qd7 17. Kh1 Rae8 18. Bg1 Nc6 19. Ne2 f4 20. c3 Qf5 21. Nxf4 Ne7 22. b4 Ng6 23. Bh2 Qc2 24. Rf2 Qe4 25. Qxe4 Rxe4 26. Nh5 Rfe8 27. Bg3 Re1+ 28. Rxe1 Rxe1+ 29. Kh2 Re3 30. Bf4 Re1 31. Bd2 Rb1 32. Bg5 f5 33. Nxg7 Kxg7 34. Rxf5 Rxb2 35. d5 Ne5 36. Bd8 Rd2 37. Bxc7 Kg6 38. Rf8 Rxd5 39. Rd8 Nc4 40. Ra8 Kf5 41. Rxa6 Ke4 42. b5 Rxb5 43. Bxd6 Rb2 44. Bc5 Nd2 45. Rf6 Rb1 46. h4 h5 47. Bd4 Rd1 48. Kg3 Nf1+ 49. Kf2 Nh2 50. Re6+ Kf4 51. g3+ Kg4 52. Rg6+ Kh3 53. Rg5 Rd2+ 54. Ke3 Nf1+ 55. Kf4 Rd3 56. Rxh5 Nxg3 57. Rh8 Ne2+ 58. Ke4 Rg3 59. Rc8 Rg4+ 60. Kd5 Kxh4 61. Be5 Nxc3+ 62. Rxc3 Kg5 63. Rf3 Ra4 64. Ke6 Rg4 65. Rf8 Kg6 66. Rh8 Kg5 67. Rg8+ Kh5 68. Rh8+ Kg6 69. Ra8 Kg5 70. Ra7 Kg6 71. Rf7 Kg5 72. Rh7 Kg6 73. Rh8 Kg5 74. Bf6+ Kg6 75. Ke5 Ra4 76. Rg8+ Kf7 77. Rg7+ Kf8 78. Rb7 Ra5+ 79. Ke6 Ra6+ 80. Kf5 Rc6 81. Kg6 Ke8 82. Ra7 Rd6 83. Kf5 Rd7 84. Ra8+ Kf7 85. Rh8 Rd5+ 86. Be5 Rd7 87. Rh6 Ke8 88. Bd6 Rf7+ 89. Ke6 Re7+ 90. Kd5 Rg7 91. Be5 Rd7+ 92. Bd6 Rg7 93. Rf6 Kd7 94. Rf8 Rh7 95. Rg8 Rf7 96. Ra8 Rf5+ 97. Be5 Rf7 98. Ra6 Ke8 99. Ke6 Re7+ 100. Kf6 Rf7+ 101. Kg6 Rb7 102. Kf5 Kd7 103. Ke4 1/2-1/2

[Event "CZE-ch Open 2018"]
[Site "Ostrava"]
[Date "2018.05.02"]
[Round "5"]
[White "Toman, Jaroslav"]
[Black "Sramek, Vojtech"]
[Result "1-0"]
[ECO "B24"]
[WhiteElo "2233"]
[BlackElo "2145"]
[Annotator "NA RC"]
[PlyCount "83"]
[EventDate "2018.??.??"]
[EventCountry "CZE"]
[SourceTitle "playchess.com"]
[Source "ChessBase"]
[SourceQuality "1"]
[TimeControl "40/5400+30:900+30"]

1. e4 c5 2. Nc3 Nc6 3. g3 g6 4. Bg2 Bg7 5. f4 d6 6. Nf3 e6 7. d3 Nge7 8. O-O O-O 9. Be3 Nd4 10. Rb1 Rb8 11. Ne2 Nec6 12. Nh4 {[%emt 0:09:19] B25: Closed Sicilian: 3 g3, lines without early Be3} (12. c3 Nxf3+ 13. Bxf3 f5 14. exf5 gxf5 15. d4 cxd4 16. Nxd4 d5 17. Nxc6 bxc6 18. Bxa7 Ra8 19. Bc5 Rxa2 20. Bxf8 {1-0 (31) Stukopin,A (2471)-Usmanov,V (2289) Kirishi 2011}) 12... Bd7 $146 ({Predecessor:} 12... Nxe2+ 13. Qxe2 f5 14. c3 Qc7 15. g4 Ne7 16. Rbe1 Bd7 17. Bd2 Rbe8 18. Qf3 b5 19. Qg3 Bc6 {1-0 (30) Sorbe,S (2258)-Roger,R (2204) France 2004}) 13. c3 Nxe2+ 14. Qxe2 f5 15. e5 Qc7 16. exd6 Qxd6 17. Qf2 b6 18. Nf3 Rbd8 19. Rbd1 e5 20. fxe5 Nxe5 21. Nxe5 Bxe5 22. d4 Bb5 23. Rd2 cxd4 24. cxd4 Bf6 25. Rfd1 Qb4 26. d5 Be5 27. Bd4 Bxd4 28. Rxd4 Qd6 29. a4 Ba6 30. Qd2 Rfe8 31. Re1 Rc8 32. Rxe8+ Rxe8 33. Bf3 Bb7 34. Kg2 Kg7 35. h4 h5 36. Rc4 Rd8 37. Qc3+ Kg8 38. Rc7 Rd7 39. Rxb7 Rxb7 40. Qc8+ Qf8 $18 41. Qxb7 Qb4 42. Qc8+ 1-0

[Event "CZE-ch Open 2018"]
[Site "Ostrava"]
[Date "2018.05.02"]
[Round "5"]
[White "Vystrcil, Martin"]
[Black "Jelinek, Michal"]
[Result "0-1"]
[ECO "C03"]
[WhiteElo "2146"]
[BlackElo "2134"]
[Annotator "NA RC"]
[PlyCount "66"]
[EventDate "2018.??.??"]
[EventCountry "CZE"]
[SourceTitle "playchess.com"]
[Source "ChessBase"]
[SourceQuality "1"]
[TimeControl "40/5400+30:900+30"]

1. e4 e6 2. d4 d5 3. Nd2 a6 4. Ngf3 c5 5. exd5 exd5 6. dxc5 Bxc5 7. Nb3 Bb6 8. Be2 Nf6 9. O-O h6 10. Nfd4 O-O 11. Bf4 Nc6 12. c3 Re8 13. Re1 Ne4 14. f3 Nc5 15. Kh1 Ne6 16. Be3 Nexd4 17. Bxd4 Nxd4 18. Nxd4 Qh4 19. Bd3 Bd7 20. Rxe8+ Rxe8 21. Qg1 Re5 22. Rd1 Rh5 23. g3 Qf6 24. Be2 Re5 25. Qf2 g5 26. Kg2 Kh8 27. Rd2 h5 28. Kf1 h4 29. Ke1 Qg6 30. gxh4 Qb1+ 31. Rd1 Qxb2 32. Kf1 Bh3+ 33. Kg1 Rxe2 0-1